 Dungeon Crawl Stone Soup version 0.22-a0-480-g991dd4b (webtiles) character file.

21 KillYourself the Scratcher (level 2, -8/14 HPs)
             Began as a Felid Chaos Knight on June 16, 2018.
             Mangled by an ogre
             ... wielding a +0 giant club
              (10 damage)
             ... on level 2 of the Dungeon.
             The game lasted 00:03:20 (867 turns).

KillYourself the Scratcher (Felid Chaos Knight)      Turns: 867, Time: 00:03:21

Health: -8/14      AC:  1    Str:  8    XL:     2   Next: 62%
Magic:  3/3        EV: 18    Int: 13    God:    Xom [..*...]
Gold:   56         SH:  0    Dex: 15    Spells: 1/1 levels left
                                        Lives:  0   Deaths: 0

rFire    . . .     SeeInvis +     - Unarmed
rCold    . . .     Gourm    +   (shield unavailable)
rNeg     . . .     Faith    .   (armour unavailable)
rPois    .         Spirit   .   (helmet unavailable)
rElec    .         Reflect  .   (cloak unavailable)
rCorr    .         Harm     .   (gloves unavailable)
MR       .....                  (boots unavailable)
Stlth    ++........             g - amulet of the gourmand
HPRegen  0.04/turn              (no ring)
MPRegen  0.08/turn              (no ring)

@: quick
A: very small, no armour, no weapons or thrown items, stealth, claws 1, fangs 3,
see invisible, carnivore, speed 1, shaggy fur 1, slow metabolism 1, sharp paws
a: Renounce Religion


You were on level 2 of the Dungeon.
You worshipped Xom.
You were a toy of Xom.
You were completely stuffed.

You visited 1 branch of the dungeon, and saw 2 of its levels.

You collected 56 gold pieces.

Inventory:

Jewellery
 g - an amulet of the gourmand (around neck)
Scrolls
 b - a scroll of identify {unknown}
 c - 2 scrolls of remove curse {unknown}
 d - a scroll of immolation {unknown}
 i - a scroll of amnesia {unknown}
 j - a scroll of enchant armour {unknown}
Potions
 e - a potion of degeneration {unknown}
 h - a potion of might {unknown}
 k - a potion of heal wounds {unknown}
Comestibles
 a - 2 rations


   Skills:
 + Level 3.1 Fighting
 + Level 3.4 Dodging
 + Level 3.7 Unarmed Combat


You had one spell level left.
You didn't know any spells.
Your spell library was empty.

Dungeon Overview and Level Annotations

Branches:
Dungeon (2/15)

Altars:


Innate Abilities, Weirdness & Mutations

You cannot wear armour.
You are incapable of wielding weapons or throwing items.
Your paws allow you to move quietly. (Stealth)
You have sharp claws.
You have razor-sharp teeth.
You have supernaturally acute eyesight. (SInv)
You are carnivorous and can eat meat at any time.
You cover ground quickly.
You are covered in fur. (AC +1)
You have a slow metabolism.
Your sharp claws are effective at attacking unaware monsters.


Message History

The hobgoblin is almost dead.
The hobgoblin misses you.
You closely miss the hobgoblin.
The hobgoblin is almost dead.
You scratch the hobgoblin.
You kill the hobgoblin!
You scratch the ogre.
The ogre is lightly wounded.
You scratch the ogre.
The ogre is moderately wounded.
The ogre closely misses you.
You closely miss the ogre.
The ogre is moderately wounded.
The ogre completely misses you.
You barely miss the ogre.
The ogre is moderately wounded.
The ogre hits you with a giant club!
Ouch! That really hurt!
You die...
Xom snickers!

#......#.....
#......#.#.... ..#
#......#.#.#.. #.#.#
#......#.# #.#.#.#.#
#......#.# #.#.#.#.#
#......#.#.#...#.#.# #
#......#.#.......#.# .#
##+#+#.#...........#..#
##.#.#......##.O@.....#
...O.##)#.####.##.##.b#
##.####†# # ##.##.##.#
#......#+###..##....#
###........gb.b.....##
..'.........#########
###...b.....#
#.........# #.O.......#


You could see an ogre and a bat (sleeping).

Vanquished Creatures
  A leopard gecko (D:1)
  A ball python (D:1)
  3 giant cockroaches
  2 hobgoblins
  3 bats
  A frilled lizard (D:1)
  A kobold (D:2)
  2 rats (D:1)
14 creatures vanquished.

Vanquished Creatures (collateral kills)
  An adder (D:2)
1 creature vanquished.

Grand Total: 15 creatures vanquished

Notes
Turn   | Place    | Note
-------+----------+-------------------------------------------
     0 | D:1      | KillYourself the Felid Chaos Knight began the quest for the Orb.
     0 | D:1      | Reached XP level 1. HP: 10/10 MP: 2/2
   265 | D:1      | XOM: potion effect (agility)
   336 | D:1      | Reached XP level 2. HP: 12/14 MP: 3/3
   795 | D:2      | Noticed an ogre
   802 | D:2      | XOM: enchant monster (good)
   832 | D:2      | XOM: butterfly on damage
   841 | D:2      | XOM: confuse monster(s)
   867 | D:2      | Mangled by an ogre

Vault maps used:
D:1:      roderic_crossed_star
D:2:      fedhas_altar_2, grunt_temple_overflow_diamond,
          minmay_misc_feat_more_columns

Action                   || total
-------------------------++-------
Melee: Unarmed           ||    59
  Eat: Chunk             ||     7
Armor: Skin              ||     6
Dodge: Dodged            ||    68

Table legend:
 A = Spawn XP
 B = Non-spawn XP
 C = Spawn XP percentage of total XP
 D = Spawn monster count
 E = Non-spawn monster count
 F = Spawn count percentage of total count
 G = Total turns spent on level
                    A         B        C        D         E        F      G
               +---------+---------+-------+---------+---------+-------+---------
         Total |       0 |      30 |   0.0 |       0 |      15 |   0.0 |   867
               +---------+---------+-------+---------+---------+-------+---------
           D:1 |       0 |      17 |   0.0 |       0 |      10 |   0.0 |   777
           D:2 |       0 |      13 |   0.0 |       0 |       5 |   0.0 |    90
               +---------+---------+-------+---------+---------+-------+---------
